 Dungeon Crawl Stone Soup version 0.31.0-32-g396128a36d (webtiles) character file.

Game seed: 17700034163565850365

65 bilboFlagons the Caller (level 3, -3/19 HPs)
             Began as a Deep Elf Summoner on Apr 13, 2024.
             Was an Initiate of Fedhas.
             Slain by a goblin
             ... wielding a +0 club
             ... led by Robin
              (5 damage)
             ... on level 2 of the Dungeon.
             The game lasted 00:08:52 (2177 turns).

bilboFlagons the Caller (Deep Elf Summoner)         Turns: 2177, Time: 00:08:53

Health: -3/19      AC:  2    Str:  5    XL:     3   Next: 94%
Magic:  4/10       EV: 12    Int: 21    God:    Fedhas [......]
Gold:   71         SH:  0    Dex: 15    Spells: 4/10 levels left

rFire   . . .        c - +0 dagger
rCold   . . .        (no shield)
rNeg    . . .        a - +0 robe
rPois   .            (no helmet)
rElec   .            (no cloak)
rCorr   .            (no gloves)
SInv    .            (no boots)
Will    .....        (no amulet)
Stlth   ++           (no ring)
HPRegen 0.23/turn    (no ring)
MPRegen 0.12/turn

%: no passive effects
@: inugami summoned
A: no striking features
a: Renounce Religion


You were on level 2 of the Dungeon.
You worshipped Fedhas.
Fedhas was noncommittal.
You visited 1 branch of the dungeon, and saw 2 of its levels.

You collected 71 gold pieces.

Inventory:

Hand Weapons
 c - a +0 dagger (weapon)
Armour
 a - a +0 robe (worn)
Magical Staves
 h - a staff of earth
Scrolls
 f - a scroll of revelation {unknown}
 g - 2 scrolls of blinking {unknown}
 i - 2 scrolls of fog {unknown}
 j - 3 scrolls of identify {unknown}
 k - a scroll of vulnerability {unknown}
Potions
 b - a potion of magic
 d - a potion of berserk rage {unknown}
 e - a potion of curing {unknown}
 l - a potion of haste {unknown}


   Skills:
 + Level 0.1 Short Blades
 + Level 2.5 Dodging
 + Level 2.5 Stealth
 + Level 4.2 Spellcasting
 + Level 5.4 Summonings


You had 4 spell levels left.
You knew the following spells:

 Your Spells              Type           Power      Damage    Failure   Level
a - Summon Small Mammal   Summ           100%       N/A       1%          1
b - Call Imp              Summ           54%        N/A       1%          2
c - Call Canine Familiar  Summ           27%        N/A       3%          3

Your spell library contained the following spells:

 Spells                   Type           Power      Damage    Failure   Level
 Ensorcelled Hibernation  Hex/Ice        8%         N/A       19%         2
 Fugue of the Fallen      Necr           4%         N/A       34%         3
 Summon Blazeheart Golem  Fire/Summ      15%        N/A       36%         4
 Summon Lightning Spire   Summ/Air       15%        N/A       36%         4
 Anguish                  Hex/Necr       2%         N/A       75%         4
 Manifold Assault         Tloc           4%         N/A       75%         4
 Vhi's Electric Charge    Tloc/Air       8%         N/A       75%         4
 Arcjolt                  Conj/Air       2%         1d12      97%         5
 Dispersal                Tloc           2%         N/A       100%        6
 Disjunction              Tloc           2%         N/A       100%        8
 Maxwell's Capacitive Co  Air            2%         ∞         100%        8


Dungeon Overview and Level Annotations

Branches:
Dungeon (2/15)

Altars:
Fedhas

Annotations:
D:2 Robin


Message History

Casting: Call Canine Familiar (quite dangerous; 3% risk of failure)
Confirm with . or Enter, or press ? or * to list all spells.
A tiny devil pulls itself out of the air.
The goblin hits you with a +0 club.
Your quokka bites the goblin.
The goblin dies!
Fedhas appreciates your contribution to the ecosystem.
You swap places.
The goblin closely misses your quokka.
Your quokka barely misses the goblin.
You swap places.
Your quokka closely misses the goblin.
The goblin misses your quokka. Robin throws the goblin at you!
Your quokka completely misses the goblin.
The goblin closely misses your quokka.
Your quokka misses the goblin.
Items here: ( ) [ ÷.
Casting: Call Imp (safe; 1% risk of failure)
Confirm with . or Enter, or press ? or * to list all spells.
The goblin hits your quokka with a +0 club.
The goblin hits you with a +0 club.
Your quokka bites the goblin.
The goblin dies!
Fedhas appreciates your contribution to the ecosystem.
Your cerulean imp hits the goblin from afar with a -2 spear.
You swap places.
Your bat hits the goblin.
The goblin dies!
Fedhas appreciates your contribution to the ecosystem.
Your quokka bites Robin but does no damage.
Robin throws the goblin at you!
* * * LOW HITPOINT WARNING * * *
You hit the goblin.
The goblin is moderately wounded.
Your quokka bites Robin.
The goblin barely misses you. Robin barely misses your quokka.
You hit the goblin but do no damage.
The goblin is moderately wounded.
Your quokka bites Robin.
The goblin hits you with a +0 dagger.
* * * LOW HITPOINT WARNING * * *
Robin throws the goblin at you!
Your quokka bites Robin.
You barely miss the goblin.
The goblin is moderately wounded.
The goblin hits you with a +0 club.
You die...
Fedhas appreciates your contribution to the ecosystem.

#...# #......# #..## #...#
#......# #..##
#####...###......#############...
........'........................
#.###...###......############.##.
#................................
#######............##########....
...^..)............######....)...
#######........g@g...............
#.........).......#.#......
#........#)#......#.#....#.
#........#b#......#.#....#.
##########5#......#...#..#.
#h#......###.#..#.
#r#....)........#.
#g#......#####..#. #####
#.#......# #..#.


You could see Robin (ally target), 2 goblins, a friendly cerulean imp
(summoned), a friendly quokka (summoned), a friendly inugami (summoned) and a
friendly bat (summoned).

Vanquished Creatures (collateral kills)
  An adder (D:2)
  A dart slug (D:1)
  3 ball pythons
  2 bats (D:2)
  5 endoplasms
  4 giant cockroaches (D:1)
  9 goblins
  4 hobgoblins
  4 jackals (D:1)
  3 kobolds (D:2)
  2 quokkas (D:1)
  A frilled lizard (D:1)
  7 rats
46 creatures vanquished.

Notes
Turn   | Place    | Note
-------+----------+-------------------------------------------
     0 | D:1      | bilboFlagons the Deep Elf Summoner began the quest for the
                  | Orb.
     0 | D:1      | Reached XP level 1. HP: 10/10 MP: 6/6
   107 | D:1      | Reached XP level 2. HP: 15/15 MP: 4/8
   157 | D:1      | Learned a level 2 spell: Call Imp
   516 | D:1      | Reached skill level 5 in Summonings
   865 | D:1      | Reached XP level 3. HP: 19/19 MP: 5/10
   869 | D:1      | Learned a level 3 spell: Call Canine Familiar
  1105 | D:2      | Noticed Robin
  1482 | D:2      | Found a blossoming altar of Fedhas.
  1498 | D:2      | Became a worshipper of Fedhas Madash
  2177 | D:2      | Slain by a goblin

Illustrated notes

Levels and vault maps discovered:
D:1:      saegor_arrival_simple_c, layout_loops_ring
D:2:      layout_basic, basic_altar, uniq_robin

Skill      XL: |  1  2  3 |
---------------+----------+-----
Summonings     | 5 |  5.4
Spellcasting   | 4 |  4.2
Short Blades   | |  0.1
Dodging        | |  2.5
Stealth        | |  2.5

Action                     || total
---------------------------++-------
  Melee: Dagger            ||    12
         Punch             ||     1
   Cast: Summon Small Mamm ||    54
         Call Imp          ||    16
         Call Canine Famil ||    10
 Armour: Robe              ||    27
  Dodge: Dodged            ||    22
